 Dungeon Crawl Stone Soup version 0.21.1 (webtiles) character file.

126 shakethe the Cudgeler (level 4, 0/45 HPs)
             Began as a Troll Fighter on Feb 5, 2018.
             Killed by divine providence
             ... invoked by an orc priest
              (14 damage)
             ... on level 3 of the Dungeon.
             The game lasted 00:06:43 (1620 turns).

shakethe the Cudgeler (Troll Fighter)               Turns: 1620, Time: 00:06:43

Health: 0/45       AC:  6    Str: 24    XL:     4   Next: 84%
Magic:  3/3        EV:  8    Int:  4    God:
Gold:   148        SH:  9    Dex: 10    Spells: 3/3 levels left

rFire    . . .     SeeInvis .   a - +0 flail
rCold    . . .     Gourm    +   c - +0 shield
rNeg     . . .     Faith    .   b - +0 robe
rPois    .         Spirit   .   (helmet restricted)
rElec    .         Reflect  .   i - +0 cloak
rCorr    .         Harm     .   (gloves unavailable)
MR       .....                  (boots unavailable)
Stlth    +.........             e - amulet of regeneration
HPRegen  0.95/turn              (no ring)
MPRegen  0.08/turn              (no ring)

@: no status effects
A: large, unfitting armour, claws 3, fast metabolism 3, gourmand, regeneration
1, shaggy fur 1, tough skin 2
a: no special abilities


You were on level 3 of the Dungeon.
You were completely stuffed.

You visited 1 branch of the dungeon, and saw 3 of its levels.

You collected 148 gold pieces.

Inventory:

Hand Weapons
 a - a +0 flail (weapon)
Missiles
 q - 6 large rocks (quivered)
Armour
 b - a +0 robe (worn)
 c - a +0 shield (worn)
 i - a +0 cloak (worn)
Jewellery
 e - an amulet of regeneration (around neck)
 k - a +5 amulet of reflection {unknown}
Scrolls
 g - 2 scrolls of amnesia {unknown}
 j - 2 scrolls of teleportation {unknown}
 l - a scroll of random uselessness {unknown}
 n - a scroll of noise {unknown}
 o - 4 scrolls of identify {unknown}
 r - 2 scrolls of magic mapping {unknown}
 t - a scroll of enchant weapon {unknown}
Potions
 d - 3 potions of might
 h - 4 potions of curing {unknown}
 m - a potion of cancellation {unknown}
 s - a potion of heal wounds {unknown}
 u - 2 potions of invisibility {unknown}
Comestibles
 f - 3 rations
 p - 2 chunks of flesh


   Skills:
 + Level 3.1 Fighting
 * Level 3.4 Maces & Flails
 - Level 2.4 Dodging
 + Level 3.1 Shields


You had 3 spell levels left.
You didn't know any spells.

Dungeon Overview and Level Annotations

Branches:
Dungeon (3/15)

Altars:
Sif Muna


Innate Abilities, Weirdness & Mutations

You are too large for most types of armour.
You have claws for hands.
Your metabolism is lightning-fast.
You like to eat raw meat.
Your natural rate of healing is unusually fast.
You are covered in fur. (AC +1)
You have very tough skin. (AC +2)


Message History

The orc priest hits you with a war axe.
You closely miss the orc priest.
The orc priest is almost dead.
The orc priest calls down the wrath of Beogh upon you.
Beogh smites you!
The orc priest mumbles some strange prayers to Beogh against you.
Beogh smites you!
* * * LOW HITPOINT WARNING * * *
You hear a shout!
You sock the orc priest!
You kill the orc priest!
The orc throws an exploding tomahawk.
The exploding tomahawk hits you.
* * * LOW HITPOINT WARNING * * *
The exploding tomahawk explodes!
The explosion of tomahawk fragments engulfs you!
Unknown command.
An orc comes into view. It is wielding a flail.
The orc priest mumbles some strange prayers to Beogh against you.
Beogh smites you!
You die...

####...###.....########...
#...###...............#
#.....).# #............
#....#### #...........#
.##....######............
........<....#..........oo
..##...#.###.#..$.........
. #...#.# #.#....o...o..#
#####.# #@#####<#####..
#.# #o# #o# #.# #.# #.#
..# #.#####.# ###
#.o.oo)o# #########


You could see an orc priest and an orc.

Vanquished Creatures
  An orc priest (D:3)
  4 adders (D:2)
  2 dart slugs (D:1)
  2 leopard geckos (D:2)
  3 orcs (D:3)
  3 giant cockroaches (D:1)
  5 goblins
  4 hobgoblins (D:1)
  2 jackals (D:2)
  10 bats
  7 frilled lizards
  2 kobolds (D:1)
  15 rats (D:1)
60 creatures vanquished.

Notes
Turn   | Place    | Note
-------+----------+-------------------------------------------
     0 | D:1      | shakethe the Troll Fighter began the quest for the Orb.
     0 | D:1      | Reached XP level 1. HP: 22/22 MP: 0/0
   164 | D:1      | Reached XP level 2. HP: 29/29 MP: 1/1
   559 | D:1      | Reached XP level 3. HP: 35/36 MP: 2/2
   888 | D:2      | Reached XP level 4. HP: 44/44 MP: 3/3
  1402 | D:2      | Found a deep blue altar of Sif Muna.
  1620 | D:3      | Killed from afar by an orc priest

Skill      XL: |  1  2  3  4 |
---------------+-------------+-----
Maces & Flails | 2 3 |  3.4
Fighting       | 3 |  3.1
Shields        | 3 |  3.1
Dodging        | |  2.4

Action                   |  1- 3 |  4- 6 || total
-------------------------+-------+-------++-------
Melee: Flail             |   138 |    52 ||   190
 Stab: Sleeping          |     1 |       ||     1
  Eat: Chunk             |    14 |     7 ||    21
Armor: Robe              |   143 |    26 ||   169
Dodge: Dodged            |   126 |    28 ||   154
Block: Shield            |   105 |    32 ||   137
